Unix NetHack Version 5.0.0-0 post-release - last build May 31 2026 23:59:36 (970b52f25bf058293b47ddfd14a1e40e571c508c,branch:main).

Game began 2026-06-04 02:20:38, ended 2026-06-04 02:46:17.

Eldrich, lawful male human Archeologist

   --------
   |......|     --------      ---------
   |.......### #-......|      |........
   |......|  `##|.%....|      |.......|
   |......-#   #|......|     #-.......|
   |......|#   #----.---     #|.......|
   --------#   ##   #       ##|.......|
         ###    #   #       # |.......|
         #      #   #       # ---------
         #      #   ####    #         ##
         #      #######################
         #      ##  ---.----#         #
         #      #   |.....>|#        ##
         #------#   |......|         #-------------
         #|....|#   |.......         #............|
         #.....|#   |......|          |...........|
          |%fi.|#   --------          |..%........|
          |...@+#                     |.<.........|
          ---+--                      -------------

Eldrich the Field Worker   St:13 Dx:8 Co:14 In:15 Wi:16 Ch:10  Lawful
Dlvl:4  $:1407 HP:0(25) Pw:20(20) AC:9  Xp:3 T:2357 

Latest messages:
 b - an uncursed +0 leather jacket.
 What do you want to wear? [bc or ?*] b
 You are now wearing a leather jacket.
 What do you want to wear? [c or ?*] c
 You are now wearing a fedora.
 There is an altar to Camaxtli (neutral) here.
 You see here a werejackal corpse.
 You have much trouble lifting a werejackal corpse.  Continue? [ynq] (q) y
 You have much trouble lifting u - a werejackal corpse.
 You stagger under your heavy load.  Movement is very hard.
 What do you want to drop? [$b-jnoqrtu or ?*] ?
 You drop a werejackal corpse.
 Your movements are now unencumbered.
 You see here a gnome corpse.
 What do you want to drop? [$b-jnoqrt or ?*] ?
 There is a black flash as a bronze ring hits the altar.
 t - a cursed bronze ring.
 The housecat drops a +2 bullwhip.
 a - a +2 bullwhip.
 What do you want to zap? [j or ?*] j
 A homunculus suddenly appears next to you!
 You begin bashing monsters with your bare hands.
 You miss the homunculus.
 The homunculus bites!
 You are put to sleep by the homunculus!
 The homunculus bites!
 The homunculus bites!
 The homunculus bites!
 The homunculus bites!
 The housecat bites the homunculus.
 The homunculus bites the housecat.
 The homunculus bites!
 You wake up.
 You see here a gnome corpse.
 What do you want to wield? [- ae or ?*] a
 a - a +2 bullwhip (weapon in right hand).
 The homunculus bites!
 You miss the homunculus.
 The homunculus bites!
 You are put to sleep by the homunculus!
 The homunculus bites!
 The homunculus bites!
 The housecat misses the homunculus.
 The homunculus bites!
 You die...
 Do you want your possessions identified? [ynq] (y) y
 Do you want to see your attributes? [ynq] (y) n
 Do you want an account of creatures vanquished? [ynaq] (y) n
 Do you want to see your conduct and achievements? [ynq] (y) n
 Do you want to see the dungeon overview? [ynq] (y) n

Inventory:
 Coins    ('$')
  $ - 1407 gold pieces
 Weapons  (')')
  a - a +2 bullwhip (weapon in right hand)
 Armor    ('[')
  c - an uncursed +0 fedora (being worn)
  b - an uncursed +0 leather jacket (being worn)
 Comestibles  ('%')
  r - an uncursed slime mold
  q - an uncursed cream pie
  d - an uncursed food ration
 Potions  ('!')
  n - an uncursed potion of sleeping
 Rings    ('=')
  o - an uncursed +1 ring of increase damage (on right hand)
  t - a cursed -1 ring of increase damage
 Wands    ('/')
  j - a wand of create monster (0:8)
 Tools    ('(')
  h - an empty uncursed sack
  i - an uncursed oil lamp
  e - a +0 pick-axe (alternate weapon; not wielded)
  f - a tinning kit (0:58)
 Gems/Stones  ('*')
  g - an uncursed touchstone

Eldrich the Archeologist's attributes:

Background:
 You were a Field Worker, a level 3 male human Archeologist.
 You were lawful, on a mission for Quetzalcoatl
 who was opposed by Camaxtli (neutral) and Huhetotl (chaotic).
 You were right-handed.
 You were in the Dungeons of Doom, on level 4.
 You entered the dungeon 2357 turns ago.
 It was nighttime.
 You had 65 experience points, 15 more were needed to attain level 4.

Basics:
 You had 0 out of 25 hit points.
 You had all 20 energy points (spell power).
 Your armor class was 9.
 Your wallet contained 1407 zorkmids.
 Autopickup was off.

Final Characteristics:
 Your strength was 13 (limit:18/100).
 Your dexterity was 8 (limit:18).
 Your constitution was 14 (limit:18).
 Your intelligence was 15 (limit:18).
 Your wisdom was 16 (limit:18).
 Your charisma was 10 (limit:18).

Final Status:
 You weren't hungry.
 You were unencumbered.
 You were wielding a whip.
 You had basic skill with whip.

Final Attributes:
 You were piously aligned.
 You had automatic searching.
 You had a small damage bonus (+1).
 You are dead.

Miscellaneous:
 You didn't encounter any bones levels.
 Total elapsed playing time was 25 minutes and 33 seconds.

Major events:
 Turn
    1: Eldrich the lawful male human Archeologist entered the dungeon
 2041: attained the rank of Field Worker (level 3)
 2357: killed by a homunculus, while sleeping

You didn't know any spells.

Skills:
 Fighting Skills
   bare handed combat [Unskilled]
   two weapon combat  [Unskilled]
   riding             [Unskilled]
 Weapon Skills
   dagger             [Unskilled]
   knife              [Unskilled]
   pick-axe           [Basic]
   short sword        [Unskilled]
   saber              [Unskilled]
   club               [Unskilled]
   quarterstaff       [Unskilled]
   sling              [Unskilled]
   dart               [Unskilled]
   boomerang          [Unskilled]
   whip               [Basic]
   unicorn horn       [Unskilled]
 Spellcasting Skills
   attack spells      [Unskilled]
   healing spells     [Unskilled]
   divination spells  [Unskilled]
   matter spells      [Unskilled]

Voluntary challenges:
 Character rerolling was not enabled.
 You never genocided any monsters.
 You never polymorphed an object.
 You used no wishes.
Achievement:
 You attained the rank of Field Worker.

 The Dungeons of Doom: levels 1 to 5
    Level 1:
    Level 2:
    Level 3:
       A fountain.
    Level 4: <- You were here.
       An altar.
       Final resting place for
          you, killed by a homunculus, while sleeping.
    Level 5:


Vanquished creatures:
  2 shriekers
  a kobold leader
  a werejackal
 an acid blob
  a large kobold
  a hobgoblin
  2 giant rats
  2 green molds
  a gnome zombie
  2 geckos
 10 jackals
  2 foxes
  5 grid bugs
  4 lichens
  3 kobold zombies
  7 newts
45 creatures vanquished.

No species were genocided or became extinct.

Game over:
                       ----------
                      /          \
                     /    REST    \
                    /      IN      \
                   /     PEACE      \
                  /                  \
                  |     Eldrich      |
                  |     1407 Au      |
                  |   killed by a    |
                  |    homunculus    |
                  |                  |
                  |                  |
                  |       2026       |
                 *|     *  *  *      | *
        _________)/\\_//(\/(/\)/\//\/|_)_______

Goodbye Eldrich the Archeologist...

You died in The Dungeons of Doom on dungeon level 4 with 1737 points,
and 1407 pieces of gold, after 2357 moves.
You were level 3 with a maximum of 25 hit points when you died.

